 Dungeon Crawl Stone Soup version 0.22-a0-443-g17c3723 (webtiles) character file.

58548 Supreme the Reanimator (level 14, -5/127 HPs)
             Began as a Deep Dwarf Necromancer on May 28, 2018.
             Was the Champion of Makhleb.
             Slain by Thaneod's ghost (17 damage)
             ... on level 1 of the Orcish Mines on May 31, 2018.
             The game lasted 06:41:38 (27023 turns).

Supreme the Reanimator (Deep Dwarf Necromancer)    Turns: 27023, Time: 06:41:40

Health: -5/127     AC:  6    Str: 12    XL:     14   Next: 49%
Magic:  14/29      EV: 13    Int: 21    God:    Makhleb [******]
Gold:   1525       SH: 14    Dex: 11    Spells: 10/35 levels left

rFire    + . .     SeeInvis +   C - +3 trident "Ucuecisch" {pierce, SInv}
rCold    + . .     Gourm    .   T - +0 shield
rNeg     + . .     Faith    .   I - +1 robe "Jomiatum" {rF+}
rPois    .         Spirit   .   v - +1 helmet
rElec    +         Reflect  +   (no cloak)
rCorr    .         Harm     .   (no gloves)
MR       +++++                  h - +0 pair of boots
Stlth    ++........             B - +3 amulet of reflection
HPRegen  0.00/turn              l - ring of Kosigil {rElec rC+ MR+++ Dex-2}
MPRegen  0.21/turn              u - ring of wizardry

@: non-regenerating, heavily drained
A: damage resistance, heal wounds, negative energy resistance 1, sense
surroundings 2, no regeneration
a: Heal Wounds, Minor Destruction, Lesser Servant of Makhleb, Major Destruction,
Greater Servant of Makhleb, Renounce Religion


You were on level 1 of the Orcish Mines.
You worshipped Makhleb.
Makhleb was exalted by your worship.
You were hungry.

You visited 4 branches of the dungeon, and saw 21 of its levels.
You also visited: Labyrinth and Volcano.

You collected 1525 gold pieces.

Inventory:

Hand Weapons
 k - a +0 blowgun
 C - the +3 trident "Ucuecisch" (weapon) {pierce, SInv}
   (You found it on level 5 of the Dungeon)

   It inflicts extra damage upon your enemies.
   It lets you see invisible.
 E - a +4 morningstar of holy wrath
 Q - the +1 dagger "Ygikkaext" {pierce, rElec rC+ MR+}
   (You found it on level 8 of the Dungeon)

   It inflicts extra damage upon your enemies.
   It protects you from cold.
   It insulates you from electricity.
   It affects your resistance to hostile enchantments.
 V - a +4 falchion of protection
Missiles
 j - 268 stones (quivered)
 n - 83 poisoned needles
 z - 14 curare-tipped needles
 G - 20 javelins
Armour
 h - a +0 pair of boots (worn)
 v - a +1 helmet (worn)
 I - the +1 robe "Jomiatum" (worn) {rF+}
   (You found it on level 5 of the Lair of Beasts)

   It protects you from fire.
 T - a +0 shield (worn)
Jewellery
 e - an uncursed amulet of harm
 f - an uncursed ring of protection from fire
 i - a +6 ring of evasion
 l - the ring of Kosigil (left hand) {rElec rC+ MR+++ Dex-2}
   (You took it off a minotaur in a labyrinth)

   [ring of protection from cold]

   It affects your dexterity (-2).
   It protects you from cold.
   It insulates you from electricity.
   It affects your resistance to hostile enchantments.
 u - a ring of wizardry (right hand)
 B - a +3 amulet of reflection (around neck)
 K - an uncursed ring of protection from magic
Wands
 d - a wand of digging (12)
 s - a wand of random effects (32)
 x - a wand of flame (36)
 y - a wand of enslavement (23)
 A - a wand of iceblast (10)
 F - a wand of polymorph (26)
 S - a wand of paralysis (6)
Scrolls
 a - a scroll of magic mapping
 b - 3 scrolls of blinking {unknown}
 g - 2 scrolls of fear
 o - a scroll of enchant armour {unknown}
 w - 9 scrolls of teleportation
 D - 4 scrolls of remove curse
 L - a scroll of silence
 M - a scroll of vulnerability {unknown}
 U - a scroll of immolation {unknown}
Potions
 m - a potion of berserk rage
 p - 4 potions of curing
 q - 5 potions of might
 r - a potion of resistance
 t - 3 potions of agility
 H - 2 potions of haste
 N - 2 potions of heal wounds
 P - 2 potions of flight
 R - a potion of lignification
Miscellaneous
 O - a lightning rod (2/4)
Comestibles
 c - 53 rations


   Skills:
 - Level 8.5(7.0) Fighting
 - Level 4.2(2.9) Armour
 - Level 5.9(4.5) Dodging
 - Level 5.5(4.1) Stealth
 + Level 11.7(10.1) Shields
 - Level 11.2(9.6) Spellcasting
 - Level 13.1(11.4) Necromancy
 * Level 6.2(4.8) Fire Magic
 - Level 10.1(8.5) Earth Magic
 - Level 0.2(0.0) Invocations
 - Level 1.0(0.0) Evocations


You had 10 spell levels left.
You knew the following spells:

 Your Spells              Type           Power        Failure   Level  Hunger
a - Pain                  Necr           ####         1%          1    None
b - Animate Skeleton      Necr           N/A          1%          1    None
c - Vampiric Draining     Necr           ######....   1%          3    None
d - Animate Dead          Necr           N/A          1%          4    ##.....
e - Sandblast             Erth           #####.       1%          1    None
f - Lee's Rapid Deconstr  Erth           #####.....   4%          5    ####...
g - Summon Butterflies    Summ           ##......     5%          1    None
h - Passwall              Tmut/Erth      ####....     1%          2    None
i - Conjure Flame         Conj/Fire      ###.....     6%          3    None
j - Sticky Flame          Conj/Fire      ###.....     17%         4    ##.....

Your spell library contained the following spells:

 Spells                   Type           Power        Failure   Level  Hunger
 Fireball                 Conj/Fire      ###.......   43%         5    ####...
 Apportation              Tloc           ##....       5%          1    None
 Confuse                  Hex            ##......     16%         3    None
 Invisibility             Hex            ##......     99%         6    ######.
 Throw Flame              Conj/Fire      ###...       2%          2    None
 Venom Bolt               Conj/Pois      ##........   77%         5    ####...
 Summon Small Mammal      Summ           ##..         5%          1    None
 Freeze                   Ice            ##..         5%          1    None
 Summon Ice Beast         Ice/Summ       ##......     43%         4    ##.....
 Regeneration             Chrm/Necr      ####......   1%          3    None
 Tukima's Dance           Hex            ##......     16%         3    None
 Spider Form              Tmut/Pois      ##........   16%         3    None
 Blade Hands              Tmut           ##........   77%         5    ####...
 Statue Form              Tmut/Erth      ####.....    75%         6    ######.
 Ice Form                 Ice/Tmut       ##......     43%         4    ##.....
 Confusing Touch          Hex            ##....       5%          1    None
 Flame Tongue             Conj/Fire      ###..        1%          1    None
 Sticks to Snakes         Tmut           ##......     8%          2    None
 Metabolic Englaciation   Hex/Ice        ##........   77%         5    ####...
 Alistair's Intoxication  Tmut/Pois      ##......     77%         5    ####...
 Simulacrum               Ice/Necr       ####......   56%         6    ######.
 Petrify                  Tmut/Erth      ####....     9%          4    ##.....
 Inner Flame              Hex/Fire       ###.....     6%          3    None
 Beastly Appendage        Tmut           ##....       5%          1    None
 Gell's Gravitas          Tloc           ##........   16%         3    None
 Yara's Violent Unravell  Hex/Tmut       ##........   77%         5    ####...
 Lesser Beckoning         Tloc           ##........   16%         3    None


Dungeon Overview and Level Annotations

Branches:
Dungeon (13/15)            Temple (1/1) D:7            Lair (6/6) D:8
  Swamp (0/4) Lair:4        Snake (0/4) Lair:3        Slime (0/5) Lair:6
    Orc (1/2) D:9
 Vaults: D:13-14

Altars:
Ashenzari
Cheibriados
Dithmenos
Elyvilon
Fedhas
Gozag
Hepliaklqana
Kikubaaqudgha
Makhleb
Nemelex Xobeh
Okawaru
Qazlal
Ru
Sif Muna
Trog
Uskayaw
Vehumet
Wu Jian
Xom
Yredelemnul
Zin
The Shining One

Shops:
D:5 }   D:11 %

Annotations:
D:7 1 runed door
D:13 Nessos
Lair:3 exclusion: downstairs
Lair:5 exclusion: downstairs
Lair:6 exclusion: 2 oklob plants, Kirke
Orc:1 Thaneod's ghost, journeyman DsBe


Innate Abilities, Weirdness & Mutations

You are resistant to damage.
You can heal yourself by infusing magical energy.
You resist negative energy. (rN+)
You passively map the area around you.
You do not regenerate.


Message History

Thaneod's ghost hits you!!
* * * LOW HITPOINT WARNING * * *
Your butterfly is engulfed in blazing flames.
You kill your butterfly!
You begin to meditate on the wall.
You continue meditating on the rock.
You block Thaneod's ghost's attack.
You continue meditating on the rock.
Thaneod's ghost hits you!!
* * * LOW HITPOINT WARNING * * *
You finish merging with the rock.
You feel better.
You start resting.
Thaneod's ghost is too close now for your liking.
Casting: Passwall (safe; 1% risk of failure)
Confirm with . or Enter, or press ? or * to list all spells.
Aiming: Passwall (safe; 1% risk of failure)
Press: ? - help, Dir - move target cursor You begin to meditate on the wall.
You continue meditating on the rock. x2
Thaneod's ghost hits you!!
You die...

###...###.W....##
*
#.#.)#######....#
##....#.###..####
##..........#.#
#...<.......##
###.W....#.##
##.##..###
####W.## *
###@...## *
##§......#
#≈≈≈...§§# *
##§≈≈≈≈§§# **
##≈≈#≈### ,,
###### * , , * ,
* , * * * * ,* ,,
* , *


You could see Thaneod's ghost.

Vanquished Creatures
  An orc warlord (Orc:1)
  A minotaur (Lab)
  Fannar (D:12)
  Harold (D:12)
  3 hydras
  A catoblepas (Lair:3)
  A hell hog (Volcano)
  10 death yaks
  A queen ant (D:8)
  Sonja (Lair:2)
  A fire crab (Volcano)
  2 unseen horrors
  Pikel (D:8)
  An orc sorcerer (Orc:1)
  An ugly thing (D:10)
  A deep elf mage (D:12)
  A centaur zombie (D:12)
  4 black mambas
  Psyche (D:11)
  8 spiny frogs
  4 komodo dragons
  A troll (D:12)
  3 polar bears (Lair:6)
  3 hornets
  12 blink frogs
  2 dream sheep
  7 hippogriffs
  A redback (Lab)
  6 spriggans
  A shadow (Lab)
  4 wyverns
  42 yaks
  A human (D:11)
  2 hogs (Lair:5)
  14 fire bats (Volcano)
  2 basilisks (Lab)
  11 hungry ghosts
  2 vampire mosquitoes (Lair:4)
  Menkaure (D:6)
  A warg (Orc:1)
  6 water moccasins
  4 soldier ants (D:8)
  A naga (Lair:3)
  4 porcupines
  Duvessa (D:6)
  2 hell hounds (Volcano)
  4 orc warriors
  2 slaves (D:8)
  2 phantoms
  4 boggarts
  4 black bears
  An ice beast (D:8)
  4 sky beasts
  A necrophage (D:3)
  8 ogres
  20 wolves
  6 centaurs
  8 crocodiles
  15 bullfrogs
  A gnoll sergeant (D:9)
  Dowan (D:5)
  4 scorpions
  27 killer bees
  6 wights (D:7)
  An electric eel (Lair:6)
  6 howler monkeys
  4 crimson imps
  A bullfrog zombie (D:5)
  7 lava snakes (Volcano)
  A quasit (D:12)
  13 orc wizards
  2 bullfrog skeletons
  14 orc priests
  A centaur skeleton (D:4)
  9 hounds
  6 jellies
  7 iguanas
  2 hell rats (Lair:1)
  20 worker ants
  A hound skeleton (D:5)
  A worker ant zombie (D:6)
  15 adders
  3 gnolls
  8 river rats (Lair:1)
  2 shadow imps (D:11)
  3 adder zombies
  3 adder skeletons
  2 worms
  4 leopard geckos
  53 orcs
  8 bats
  3 giant cockroaches
  9 goblins
  4 hobgoblins
  5 jackals
  4 quokkas
  2 ball pythons
  2 frilled lizards (D:1)
  A giant cockroach zombie (D:6)
  6 kobolds
  A quokka skeleton (D:7)
  13 rats
  A fungus (Lair:2)
546 creatures vanquished.

Vanquished Creatures (collateral kills)
  3 hydras
  2 death yaks
  A cyclops (D:12)
  A black mamba (Lair:1)
  3 spiny frogs (Lair:1)
  2 komodo dragons
  A queen bee (Lair:2)
  4 blink frogs
  A dream sheep (Lair:6)
  2 hippogriffs
  4 spriggans (Lair:6)
  6 yaks
  2 hungry ghosts
  2 vampire mosquitoes (Lair:4)
  3 soldier ants
  2 porcupines
  8 water moccasins
  An orc warrior (Orc:1)
  An ice beast (D:11)
  A sky beast (D:11)
  A boggart (Lair:6)
  6 wolves (Lair:6)
  2 centaurs (D:11)
  3 crocodiles
  3 bullfrogs
  A scorpion (D:6)
  4 killer bees
  A wight (D:7)
  An electric eel (Lair:6)
  3 hounds
  2 orc wizards
  2 orc priests (D:4)
  11 worker ants
  A hound zombie (D:10)
  2 gnolls (D:9)
  A shadow imp (D:7)
  An adder skeleton (D:8)
  A worm (D:3)
  3 orcs
  2 jackals (D:6)
  A bat (D:1)
  A quokka zombie (D:5)
  A rat (D:1)
  A bush (Lair:6)
  5 fungi
  3 plants
113 creatures vanquished.

Vanquished Creatures (others)
  A yak (D:11)
  19 fungi
  14 plants
  4 toadstools (D:1)
38 creatures vanquished.

Grand Total: 697 creatures vanquished

Notes
Turn   | Place    | Note
-------+----------+-------------------------------------------
     0 | D:1      | Supreme the Deep Dwarf Necromancer began the quest for the Orb.
     0 | D:1      | Reached XP level 1. HP: 15/15 MP: 3/3
    56 | D:1      | Learned a level 1 spell: Animate Skeleton
   196 | D:1      | Reached XP level 2. HP: 19/22 MP: 0/4
   502 | D:1      | Reached skill level 5 in Necromancy
   608 | D:1      | Reached XP level 3. HP: 21/28 MP: 6/6
   982 | D:2      | Learned a level 3 spell: Vampiric Draining
  1520 | D:2      | Reached XP level 4. HP: 33/36 MP: 0/7
  2200 | D:3      | Reached skill level 6 in Necromancy
  2316 | D:3      | Reached XP level 5. HP: 32/42 MP: 3/9
  2858 | D:3      | Learned a level 4 spell: Animate Dead
  2996 | D:4      | Noticed a phantom
  3285 | D:4      | Reached skill level 7 in Necromancy
  3286 | D:4      | Noticed a phantom
  3323 | D:5      | Entered Level 5 of the Dungeon
  3323 | D:5      | Noticed a necrophage
  3336 | D:5      | Identified the Reference Book on Poisoning and the Rocks
  3445 | D:4      | Reached XP level 6. HP: 41/49 MP: 5/10
  3451 | D:3      | Learned a level 1 spell: Sandblast
  4147 | D:4      | Reached XP level 7. HP: 41/56 MP: 9/12
  5225 | D:5      | Upgraded the game from 0.22-a0-433-gd2a9cce to 0.22-a0-439-gac93bac
  5241 | D:5      | Found a snail-covered altar of Cheibriados.
  5396 | D:5      | Reached XP level 8. HP: 62/63 MP: 14/14
  5434 | D:5      | Got a warped trident
  5435 | D:5      | Identified the +3 trident "Ucuecisch" {pierce, SInv} (You found it on level 5 of the Dungeon)
  5460 | D:5      | Found a radiant altar of Vehumet.
  5474 | D:5      | Reached skill level 8 in Necromancy
  5608 | D:5      | Found Vassouha's Gadget Shop.
  5879 | D:5      | Reached skill level 5 in Earth Magic
  6128 | D:5      | Reached skill level 5 in Spellcasting
  6289 | D:6      | Noticed Menkaure
  6325 | D:6      | Noticed Dowan
  6336 | D:6      | Found a hazy altar of Hepliaklqana.
  6401 | D:6      | Noticed Duvessa
  6421 | D:6      | Killed Duvessa
  6421 | D:6      | Reached skill level 1 in Fighting
  6452 | D:5      | Killed Dowan
  6900 | D:6      | Killed Menkaure
  6900 | D:6      | Reached skill level 9 in Necromancy
  6900 | D:6      | Gained mutation: You passively map the area around you. [Deep Dwarf growth]
  6900 | D:6      | Reached XP level 9. HP: 58/70 MP: 4/18
  7409 | D:6      | Learned a level 5 spell: Lee's Rapid Deconstruction
  7774 | D:7      | Found a white marble altar of Elyvilon.
  7774 | D:7      | Found a runed door.
  7774 | D:7      | Noticed an angel
  8198 | D:7      | Found a staircase to the Ecumenical Temple.
  8216 | Temple   | Entered the Ecumenical Temple
  8334 | Temple   | Became a worshipper of Makhleb the Destroyer
  9371 | D:8      | Found an opulent altar of Gozag.
  9448 | D:8      | Got a scorched dagger
  9491 | D:8      | Reached XP level 10. HP: 45/84 MP: 6/21
  9650 | D:8      | Reached * piety under Makhleb
  9659 | D:8      | Found a staircase to the Lair.
  9705 | D:8      | Noticed Pikel
  9751 | D:8      | Killed Pikel
 10077 | D:8      | Noticed a queen ant
 10094 | D:8      | Killed a queen ant
 10094 | D:8      | Reached skill level 10 in Necromancy
 10746 | D:9      | Found an iron altar of Okawaru.
 10749 | D:9      | Found a hide-covered altar of Uskayaw.
 10754 | D:9      | Found a shimmering altar of Xom.
 11017 | D:9      | Reached ** piety under Makhleb
 11055 | D:9      | Paralysed by a hornet for 1 turns
 11062 | D:9      | Reached skill level 5 in Fighting
 11298 | D:9      | Reached skill level 11 in Necromancy
 11829 | D:9      | Found a staircase to the Orcish Mines.
 11901 | D:10     | Entered Level 10 of the Dungeon
 11988 | D:10     | Reached XP level 11. HP: 81/96 MP: 16/23
 12035 | D:10     | Noticed a red ugly thing
 12051 | D:10     | Killed a cyan ugly thing
 12051 | D:10     | Reached skill level 5 in Stealth
 12381 | D:10     | Identified the cursed +1 dagger "Ygikkaext" {pierce, rElec rC+ MR+} (You found it on level 8 of the Dungeon)
 12819 | D:11     | Learned a level 1 spell: Summon Butterflies
 12894 | D:11     | Reached *** piety under Makhleb
 13037 | D:11     | Noticed Psyche
 13038 | D:11     | Upgraded the game from 0.22-a0-439-gac93bac to 0.22-a0-441-gcf5b0c6
 13130 | D:11     | Killed Psyche
 13458 | D:11     | Found Fumivvi's Food Emporium.
 13587 | D:11     | Found a white marble altar of Elyvilon.
 14010 | D:12     | Noticed Fannar
 14022 | D:12     | Killed Fannar
 14250 | D:12     | Killed an unseen horror
 14343 | D:12     | Reached skill level 5 in Dodging
 14428 | D:12     | Noticed Harold
 14550 | Lair:1   | Entered Level 1 of the Lair of Beasts
 14645 | Lair:1   | Found a dark tunnel.
 14653 | Volcano  | Entered a volcano
 14661 | Volcano  | Learned a level 2 spell: Passwall
 14838 | Volcano  | Reached **** piety under Makhleb
 14838 | Volcano  | Reached skill level 10 in Spellcasting
 15092 | Volcano  | Reached skill level 12 in Necromancy
 15102 | Volcano  | Noticed a fire crab
 15115 | Volcano  | Killed a fire crab
 15115 | Volcano  | Reached XP level 12. HP: 47/109 MP: 1/26
 15217 | Volcano  | Noticed a hell hog
 15258 | Volcano  | Reached skill level 1 in Evocations
 15379 | Volcano  | Killed a hell hog
 15456 | Volcano  | Found a bloodstained altar of Trog.
 15479 | Volcano  | Found a burning altar of Makhleb.
 15601 | Lair:1   | Upgraded the game from 0.22-a0-441-gcf5b0c6 to 0.22-a0-443-g17c3723
 16496 | Lair:2   | Noticed Sonja
 16507 | Lair:2   | Killed Sonja
 16589 | Lair:2   | Reached ***** piety under Makhleb
 17024 | Lair:2   | Got a wavering lead ring
 17026 | Lair:2   | Identified the ring of Unlumue {*Tele rF+} (You found it on level 2 of the Lair of Beasts)
 17077 | Lair:2   | Found a snail-covered altar of Cheibriados.
 17534 | Lair:3   | Reached skill level 1 in Armour
 17652 | Lair:3   | Found a staircase to the Snake Pit.
 17793 | Lair:3   | Noticed a seven-headed hydra
 17802 | Lair:3   | Killed a seven-headed hydra
 17945 | Lair:3   | Noticed a seven-headed hydra
 17954 | Lair:3   | Killed a seven-headed hydra
 17954 | Lair:3   | Reached skill level 13 in Necromancy
 17954 | Lair:3   | Reached skill level 10 in Earth Magic
 18164 | Lair:3   | Noticed a five-headed hydra
 18170 | Lair:3   | Killed a five-headed hydra
 18467 | Lair:4   | Noticed a death yak
 18467 | Lair:4   | Noticed a death yak
 18467 | Lair:4   | Noticed a death yak
 18487 | Lair:3   | Killed a death yak
 18517 | Lair:4   | Noticed a death yak
 18517 | Lair:4   | Noticed a death yak
 18877 | Lair:4   | Reached XP level 13. HP: 39/117 MP: 15/28
 19984 | Lair:4   | Found a staircase to the Swamp.
 20481 | Lair:4   | Reached skill level 5 in Shields
 20749 | Lair:5   | Got a shadowed robe
 21659 | Lair:5   | Learned a level 3 spell: Conjure Flame
 21859 | Lair:4   | Reached skill level 1 in Fire Magic
 22102 | Lair:5   | Identified the +1 robe "Jomiatum" {rF+} (You found it on level 5 of the Lair of Beasts)
 22120 | Lair:6   | Entered Level 6 of the Lair of Beasts
 22539 | Lair:6   | Found a staircase to the Slime Pits.
 23179 | Lair:5   | Learned a level 4 spell: Sticky Flame
 23576 | Lair:6   | Gained mutation: You resist negative energy. (rN+) [Deep Dwarf growth]
 23576 | Lair:6   | Reached XP level 14. HP: 114/127 MP: 16/29
 23585 | Lair:6   | Reached skill level 10 in Shields
 23987 | Lair:6   | Noticed Kirke
 24576 | Lair:6   | Found a hide-covered altar of Uskayaw.
 25077 | D:8      | Identified a scroll of acquirement
 25079 | D:8      | Got an ancient graven amulet
 25081 | D:8      | Identified the amulet of Ipsaipsy {Spirit rPois Str+2 Slay+5 Stlth-} (You acquired it on level 8 of the Dungeon)
 25152 | Orc:1    | Entered Level 1 of the Orcish Mines
 25216 | Orc:1    | Noticed Thaneod's ghost (journeyman DsBe)
 25225 | Orc:1    | Noticed an orc warlord
 25242 | Orc:1    | Killed an orc warlord
 25248 | Orc:1    | Paralysed by an orc sorcerer for 3 turns
 25630 | D:12     | Killed Harold
 25630 | D:12     | Reached skill level 5 in Fire Magic
 25950 | D:13     | Found a labyrinth entrance.
 25964 | Lab      | Entered a labyrinth
 26564 | Lab      | Got a bound amber ring
 26604 | Lab      | Identified Sif Muna's Grimoire of Freezing Fire
 26610 | Lab      | Identified the ring of Kosigil {rElec rC+ MR+++ Dex-2} (You took it off a minotaur in a labyrinth)
 26691 | D:13     | Reached ****** piety under Makhleb
 26839 | D:13     | Noticed Nessos
 27023 | Orc:1    | Slain by Thaneod's ghost

Vault maps used:
D:1:      ldierk_walled_garden_2, minmay_misc_feat_encased
D:4:      first_ration, st_stairs_5
D:5:      lemuel_doored_altar, vehumet_crystals, serial_shops,
          nicolae_shop_behind_doors, minmay_misc_feat_more_columns
D:6:      kennysheep_mini, uniq_duvessa, uniq_menkaure
D:7:      lemuel_temple_firewalk_a, lemuel_angel_altar
D:8:      old_standard_altar, dpeg_oklobed_lair, zaba_antful_of_joy, uniq_pikel
D:9:      grunt_temple_overflow_diamond, orc_0_dummy
D:11:     serial_shops, shop_statue, basic_altar, grunt_pizzeria, uniq_psyche
D:12:     uniq_fannar, uniq_harold
D:13:     lightli_vaults_fourway_checkpoint, lab_entry_generic,
          elves_outpost_lemuel, uniq_nessos
Temple:   regret_index_temple_generic_petals
Lair:1:   lightli_volcano_entry_magma_tube, grunt_forest_small_clearings,
          kennysheep_rathole, infiniplex_staircase_pool_2, serial_bayou_shore_b
Lair:2:   special_room, basic_altar, uniq_sonja
Lair:3:   guppyfry_snake_entry_island
Lair:4:   minmay_swamp_entry_swarm, nicolae_lair_yak_garden
Lair:5:   lemuel_fruit_tree, grunt_megastairs_5
Lair:6:   minmay_lair_end_enchanted_forest, minmay_slime_entry_oklob_open,
          basic_altar, serial_bayou_shore_a, uniq_kirke
Orc:1:    nicolae_orc_lava_room
Lab:      labyrinth_spiral, nicolae_lab_lava, labyrinth_lava_lair, lab_hedge,
          nicolae_lab_garden, nicolae_lab_grate_2, nicolae_lab_very_dead_end,
          lab_fountain, labyrinth_skeletal_remains
Volcano:  volcano_grotto

Skill      XL: |  1  2  3  4  5  6  7  8  9 10 11 12 13 14 |
---------------+-------------------------------------------+-----
Spellcasting   | 2 3 4 6 7 8 10 11 | 11.2
Necromancy     | 5 6 7 9 11 12 13 | 13.1
Earth Magic    | 3 4 6 7 8 9 10 | 10.1
Stealth        | 3 4 5 |  5.5
Fighting       | 1 3 5 7 8 |  8.5
Dodging        | 3 4 5 |  5.9
Evocations     | 1 |  1.0
Armour         | 2 4 |  4.2
Shields        | 9 11 | 11.7
Fire Magic     | 3 6 |  6.2
Invocations    | |  0.2

Action                   |  1- 3 |  4- 6 |  7- 9 | 10-12 | 13-15 || total
-------------------------+-------+-------+-------+-------+-------++-------
Melee: Dagger            |    16 |     1 |     1 |   140 |       ||   158
       Spear             |       |    64 |     5 |       |       ||    69
       Flail             |       |    16 |    26 |       |       ||    42
       Trident           |       |       |   130 |   330 |   654 ||  1114
       Bardiche          |       |       |       |       |    22 ||    22
 Fire: Hunting sling     |       |     3 |       |       |       ||     3
       Blowgun           |       |     1 |       |       |       ||     1
Throw: Tomahawk          |     4 |     7 |       |       |       ||    11
       Stone             |     1 |       |       |       |       ||     1
       Throwing net      |       |       |       |     1 |       ||     1
 Cast: Pain              |    52 |    49 |    37 |    42 |     6 ||   186
       Animate Skeleton  |    14 |    18 |    16 |    17 |    20 ||    85
       Vampiric Draining |     3 |    15 |    78 |   193 |   171 ||   460
       Sandblast         |       |    38 |    83 |   149 |    35 ||   305
       Animate Dead      |       |       |    21 |    56 |    38 ||   115
       Lee's Rapid Decon |       |       |     4 |    18 |    13 ||    35
       Sticky Flame      |       |       |       |       |    40 ||    40
       Conjure Flame     |       |       |       |       |    32 ||    32
       Passwall          |       |       |       |       |     5 ||     5
       Summon Butterflie |       |       |       |       |     2 ||     2
Invok: Minor Destruction |       |       |       |     1 |       ||     1
 Abil: Heal Wounds       |       |     4 |       |       |       ||     4
Evoke: Wand              |       |     3 |     1 |    19 |     4 ||    27
       Fan of gales      |       |       |       |     1 |       ||     1
       Lightning rod     |       |       |       |       |     7 ||     7
  Use: Scroll            |       |     7 |     3 |    10 |     6 ||    26
       Potion            |       |     1 |     2 |     1 |     4 ||     8
 Stab: Sleeping          |     4 |     1 |     6 |    19 |     3 ||    33
       Paralysed         |       |       |       |     3 |       ||     3
       Distracted        |       |       |       |     2 |     2 ||     4
       Petrified         |       |       |       |       |     3 ||     3
       Petrifying        |       |       |       |       |     1 ||     1
  Eat: Chunk             |    14 |    10 |    25 |    33 |    34 ||   116
       Ration            |       |       |       |       |     1 ||     1
Armor: Robe              |     8 |    10 |    14 |    38 |    39 ||   109
       Skin              |       |       |    40 |       |       ||    40
       Fire dragon scale |       |       |       |    57 |    91 ||   148
Dodge: Dodged            |    21 |    73 |   178 |   632 |   555 ||  1459
Block: Shield            |       |       |       |    19 |   350 ||   369
       Other             |       |       |       |     7 |       ||     7
       Reflection        |       |       |       |       |     3 ||     3
       Rpst.: Falchion   |       |       |       |       |     1 ||     1

Table legend:
 A = Spawn XP
 B = Non-spawn XP
 C = Spawn XP percentage of total XP
 D = Spawn monster count
 E = Non-spawn monster count
 F = Spawn count percentage of total count
 G = Total turns spent on level
                    A         B        C        D         E        F      G
               +---------+---------+-------+---------+---------+-------+---------
         Total |       0 |   83640 |   0.0 |       0 |     648 |   0.0 | 27023
               +---------+---------+-------+---------+---------+-------+---------
           D:1 |       0 |      42 |   0.0 |       0 |      20 |   0.0 |   965
           D:2 |       0 |      75 |   0.0 |       0 |      19 |   0.0 |   907
           D:3 |       0 |     478 |   0.0 |       0 |      32 |   0.0 |  1938
           D:4 |       0 |     709 |   0.0 |       0 |      26 |   0.0 |  1357
           D:5 |       0 |     626 |   0.0 |       0 |      25 |   0.0 |  1277
           D:6 |       0 |    1490 |   0.0 |       0 |      37 |   0.0 |  1259
           D:7 |       0 |    1426 |   0.0 |       0 |      30 |   0.0 |  1524
           D:8 |       0 |    3691 |   0.0 |       0 |      45 |   0.0 |  1562
           D:9 |       0 |    1995 |   0.0 |       0 |      34 |   0.0 |  1505
          D:10 |       0 |    2172 |   0.0 |       0 |      25 |   0.0 |   893
          D:11 |       0 |    3574 |   0.0 |       0 |      39 |   0.0 |  1238
          D:12 |       0 |    6917 |   0.0 |       0 |      27 |   0.0 |   883
          D:13 |       0 |    1657 |   0.0 |       0 |      12 |   0.0 |   297
        Lair:1 |       0 |    3534 |   0.0 |       0 |      30 |   0.0 |   910
        Lair:2 |       0 |    4147 |   0.0 |       0 |      38 |   0.0 |  1307
        Lair:3 |       0 |   10150 |   0.0 |       0 |      25 |   0.0 |  1729
        Lair:4 |       0 |    7260 |   0.0 |       0 |      27 |   0.0 |  1516
        Lair:5 |       0 |    9938 |   0.0 |       0 |      40 |   0.0 |  2197
        Lair:6 |       0 |   11627 |   0.0 |       0 |      67 |   0.0 |  1774
         Orc:1 |       0 |    3004 |   0.0 |       0 |      11 |   0.0 |   183
           Lab |       0 |    4237 |   0.0 |       0 |      14 |   0.0 |   660
       Volcano |       0 |    4891 |   0.0 |       0 |      25 |   0.0 |   947
               +---------+---------+-------+---------+---------+-------+---------
